 Dungeon Crawl Stone Soup version 0.19-a0-611-gb5a7e8d (webtiles) character file.

16840 FitzyFitz the Severer (level 12, 0/91 HPs)
             Began as a Formicid Fighter on June 12, 2016.
             Was a Believer of Uskayaw.
             Slain by an enchanted long sword (12 damage)
             ... on level 14 of the Dungeon.
             The game lasted 00:40:32 (12434 turns).

FitzyFitz the Severer (Formicid Fighter)           Turns: 12434, Time: 00:40:33

Health: 0/91       AC: 17    Str: 25    XL:     12   Next: 75%
Magic:  8/12       EV:  7    Int:  9    God:    Uskayaw [**....]
Gold:   450        SH: 12    Dex: 13    Spells: 0 memorised, 11 levels left

rFire  . . .     SeeInvis +     a - +0 battleaxe
rCold  . . .     Gourm    .     K - +0 plate armour
rNeg   + . .     Faith    .     c - +0 shield
rPois  .         Spirit   .     (helmet unavailable)
rElec  .         Dismiss  .     E - +0 cloak
rCorr  .         Reflect  .     H - +0 pair of gloves {Dex+3}
SustAt .         Harm     .     (no boots)
MR     +....                    (no amulet)
Stlth  ..........               y - ring of stealth
                                R - ring of positive energy

@: somewhat resistant to hostile enchantments, extremely unstealthy
A: permanent stasis, dig shafts and tunnels, four strong arms, antennae 3
a: Dig, Shaft Self, Stomp, Line Pass, Renounce Religion


You were on level 14 of the Dungeon.
You worshipped Uskayaw.
Uskayaw was pleased with you.
You were hungry.

You visited 2 branches of the dungeon, and saw 15 of its levels.

You collected 450 gold pieces.

Inventory:

Hand Weapons
 a - a +0 battleaxe (weapon)
 b - a +0 shortbow
 k - a +0 battleaxe
Missiles
 h - 70 bolts
 o - 219 arrows
 A - a throwing net (quivered)
 M - 19 tomahawks
 Q - 7 javelins
Armour
 c - a +0 shield (worn)
 E - a +0 cloak (worn)
 H - a +0 pair of gloves of dexterity (worn)
 K - a +0 plate armour (worn)
Jewellery
 n - a +4 ring of intelligence
 s - an uncursed ring of wizardry
 y - a ring of stealth (right hand)
 R - a ring of positive energy (left hand)
 Y - an uncursed ring of fire
Wands
 j - a wand of teleportation (0/9)
 w - a wand of polymorph (13/24)
 F - a wand of paralysis (3/24)
 W - a wand of acid (5/15)
Scrolls
 e - a scroll of fog {unknown}
 m - a scroll of recharging
 t - 4 scrolls of remove curse
 u - 6 scrolls of enchant weapon
 v - 2 scrolls of amnesia
 J - a scroll of immolation {unknown}
 P - 4 scrolls of magic mapping
 V - a scroll of brand weapon {unknown}
 X - a scroll of noise {unknown}
 Z - a scroll of vulnerability {unknown}
Potions
 d - a potion of ambrosia {unknown}
 g - a potion of haste {unknown}
 l - a potion of degeneration {unknown}
 p - 2 potions of heal wounds {unknown}
 q - a potion of flight {unknown}
 z - 3 potions of lignification {unknown}
 C - 2 potions of invisibility {unknown}
 G - 2 potions of magic
 I - a potion of brilliance
 L - 2 potions of berserk rage {unknown}
 S - 2 potions of cancellation {unknown}
 U - a potion of beneficial mutation {unknown}
Books
 O - a book of Frost

   Spells                             Type                      Level
   a - Freeze                         Ice                          1
   b - Throw Frost                    Conjuration/Ice              2
   c - Ozocubu's Armour               Charms/Ice                   3
   d - Throw Icicle                   Conjuration/Ice              4
   e - Summon Ice Beast               Ice/Summoning                4
 T - a book of the Warp

   Spells                             Type                      Level
   a - Recall                         Summoning/Translocation      3
   b - Gell's Gravitas                Hexes/Translocation          3
   c - Force Lance                    Conjuration/Translocation    4
   d - Warp Weapon                    Charms/Translocation         5
   e - Summon Forest                  Summoning/Translocation      5
Comestibles
 f - 13 bread rations
 r - 5 beef jerkies
 x - 6 meat rations
 D - 5 slices of pizza


   Skills:
 + Level 7.3 Fighting
 + Level 15.2 Axes
 - Level 10.4 Armour
 + Level 0.0 Dodging
 - Level 5.3 Stealth
 - Level 9.0 Shields


You had 11 spell levels left.
You didn't know any spells.

Dungeon Overview and Level Annotations

Branches:
Dungeon (14/15)            Temple (1/1) D:7            Lair (0/6) D:10
    Orc: D:9-12      Vaults: D:13-14

Altars:
Ashenzari
Cheibriados
Dithmenos
Elyvilon
Fedhas
Gozag
Hepliaklqana
Kikubaaqudgha
Makhleb
Nemelex Xobeh
Okawaru
Pakellas
Qazlal
Ru
Sif Muna
Trog
Uskayaw
Vehumet
Xom
Yredelemnul
Zin
The Shining One

Shops:
D:9 }

Annotations:
D:6 Laraso's ghost, novice TeAE
D:10 Snorg


Innate Abilities, Weirdness & Mutations

You are under a permanent stasis effect.
You can dig through walls and to a lower floor.
Your four strong arms can wield two-handed weapons with a shield.
You have a pair of large antennae on your head. (SInv)


Message History

You slash the enchanted long sword!
The enchanted long sword is heavily damaged.
The enchanted long sword hits you but does no damage.
You miss the enchanted long sword.
The enchanted long sword is heavily damaged.
The enchanted long sword hits you!
* * * LOW HITPOINT WARNING * * *
Aiming: Line Pass
Press: ? - help, Dir - move target cursor, f - enchanted long sword
Aim: an enchanted long sword (heavily damaged)
You can't stand on top of the monster!
Aiming: Line Pass
Press: ? - help, Dir - move target cursor, p - enchanted long sword The enchanted long sword appears confused.
You feel somewhat more hungry.
The enchanted long sword seems less confused.
The enchanted long sword hits you!
* * * LOW HITPOINT WARNING * * *
The enchanted long sword hits you!
You die...

######### ........#
........##################
.........@(...............
........##################
......... { .#.#.....# #
##....# (....# {##....#
.....#


You could see an enchanted long sword.

Vanquished Creatures
  Erolcha (D:13)
  A centaur warrior (D:13)
  Nergalle (D:13)
  An unseen horror (D:14)
  4 hill giants
  Pikel (D:8)
  A griffon (D:14)
  A manticore (D:11)
  An elephant (D:10)
  A gargoyle (D:14)
  A centaur skeleton (D:14)
  A troll (D:14)
  Prince Ribbit (D:7)
  Grinder (D:5)
  A hornet zombie (D:14)
  Sigmund (D:5)
  2 wyverns
  A vampire (D:14)
  12 yaks
  A hungry ghost (D:8)
  7 vampire mosquitoes (D:14)
  A human (D:7)
  Edmund (D:5)
  Menkaure (D:6)
  A mottled dragon (D:14)
  The ghost of Akett the Sneak, an amateur VSAs (D:4)
  A black bear (D:9)
  3 sky beasts
  2 ice beasts
  2 orc warriors
  4 phantoms
  A necrophage (D:7)
  2 centaurs
  6 ogres
  3 crocodiles
  Blork the orc (D:6)
  6 giant frogs
  A wyvern skeleton (D:14)
  2 scorpions
  4 killer bees
  10 wights
  A howler monkey (D:6)
  A centaur zombie (D:8)
  5 crimson imps
  A hound (D:8)
  A jelly (D:11)
  3 orc priests
  3 orc wizards
  A giant frog skeleton (D:9)
  An iguana (D:6)
  9 worker ants
  4 sheep
  A hound zombie (D:11)
  A hound skeleton (D:4)
  A gnoll (D:4)
  7 adders
  An ooze (D:5)
  2 adder skeletons
  2 worms
  3 dart slugs
  6 giant geckos
  17 orcs
  A ball python (D:2)
  10 bats
  7 giant cockroaches
  8 goblins
  8 hobgoblins
  14 jackals
  4 quokkas
  5 giant newts
  A jackal zombie (D:6)
  8 kobolds
  A quokka zombie (D:9)
  9 rats
242 creatures vanquished.

Vanquished Creatures (others)
  A hound (D:8)
  A quokka (D:8)
2 creatures vanquished.

Grand Total: 244 creatures vanquished

Notes
Turn   | Place    | Note
--------------------------------------------------------------
     0 | D:1      | FitzyFitz the Formicid Fighter began the quest for the Orb.
     0 | D:1      | Reached XP level 1. HP: 18/18 MP: 1/1
     7 | D:1      | Noticed a frost giant
     7 | D:1      | Noticed a hell rat
     7 | D:1      | Noticed a worker ant
     7 | D:1      | Noticed a giant leech
     7 | D:1      | Noticed a komodo dragon
    86 | D:1      | Reached XP level 2. HP: 23/24 MP: 2/2
   377 | D:1      | Reached skill level 3 in Axes
   377 | D:1      | Reached XP level 3. HP: 22/29 MP: 3/3
   977 | D:2      | Reached XP level 4. HP: 35/35 MP: 4/4
  1323 | D:3      | Found a faded altar of an unknown god.
  1492 | D:3      | Found an oddly glowing altar of Pakellas.
  1576 | D:3      | Reached skill level 4 in Axes
  1671 | D:3      | Reached XP level 5. HP: 33/41 MP: 5/5
  2359 | D:4      | Noticed an ogre
  2360 | D:4      | Noticed an ogre
  2386 | D:4      | Reached skill level 5 in Shields
  2389 | D:4      | Killed an ogre
  2389 | D:4      | Reached skill level 5 in Axes
  2389 | D:4      | Reached XP level 6. HP: 43/47 MP: 6/6
  2399 | D:4      | Killed an ogre
  2442 | D:4      | Noticed Akett's ghost (amateur VSAs)
  2636 | D:4      | Noticed an air elemental
  2637 | D:4      | Found a stormy altar of Qazlal.
  2651 | D:4      | Noticed a water elemental
  2651 | D:4      | Noticed a fire elemental
  2818 | D:4      | Reached XP level 7. HP: 48/52 MP: 7/7
  2858 | D:4      | Reached skill level 6 in Axes
  3070 | D:5      | Entered Level 5 of the Dungeon
  3098 | D:5      | Found a snail-covered altar of Cheibriados.
  3141 | D:5      | Noticed Edmund
  3166 | D:5      | Killed Edmund
  3188 | D:5      | Found an iron altar of Okawaru.
  3286 | D:5      | Noticed Grinder
  3344 | D:5      | Reached skill level 7 in Axes
  3344 | D:5      | Reached XP level 8. HP: 49/58 MP: 8/8
  3569 | D:4      | Killed Akett's ghost
  3569 | D:4      | Reached skill level 1 in Stealth
  3600 | D:6      | Noticed Menkaure
  3668 | D:5      | Killed Grinder
  3783 | D:5      | Noticed Sigmund
  3795 | D:5      | Killed Sigmund
  3795 | D:5      | Reached skill level 8 in Axes
  4454 | D:6      | Noticed Laraso's ghost (novice TeAE)
  4817 | D:5      | Reached XP level 9. HP: 51/64 MP: 9/9
  5158 | D:5      | Reached skill level 12 in Axes
  5158 | D:5      | Reached XP level 10. HP: 79/79 MP: 10/10
  5434 | D:6      | Found a blossoming altar of Fedhas.
  5698 | D:7      | Found a staircase to the Ecumenical Temple.
  5711 | Temple   | Entered the Ecumenical Temple
  5754 | Temple   | Became a worshipper of Uskayaw the Reveler
  5814 | D:6      | Reached * piety under Uskayaw
  5828 | D:6      | Reached ** piety under Uskayaw
  5883 | D:6      | Killed Menkaure
  6114 | D:7      | Reached *** piety under Uskayaw
  6117 | D:7      | Reached **** piety under Uskayaw
  6156 | D:7      | Found a hazy altar of Hepliaklqana.
  6347 | D:7      | Noticed Prince Ribbit
  6361 | D:7      | Killed Prince Ribbit
  6484 | D:7      | Noticed a hill giant
  6495 | D:7      | Killed a hill giant
  6495 | D:7      | Reached skill level 5 in Stealth
  6685 | D:6      | Noticed Blork the orc
  6701 | D:6      | Killed Blork the orc
  7084 | D:8      | Noticed Pikel
  7108 | D:8      | Killed Pikel
  7108 | D:8      | Reached XP level 11. HP: 82/84 MP: 11/11
  8004 | D:9      | Found Wusasozo's Gadget Boutique.
  8058 | D:9      | Reached skill level 13 in Axes
  8060 | D:9      | Reached ***** piety under Uskayaw
  8370 | D:9      | Found a shimmering altar of Xom.
  8370 | D:9      | Found a shimmering altar of Xom.
  8371 | D:9      | Found a shimmering altar of Xom.
  8371 | D:9      | Found a shimmering altar of Xom.
  8371 | D:9      | Found a shimmering altar of Xom.
  8371 | D:9      | Found a shimmering altar of Xom.
  8371 | D:9      | Found a shimmering altar of Xom.
  8371 | D:9      | Found a shimmering altar of Xom.
  8371 | D:9      | Found a shimmering altar of Xom.
  8371 | D:9      | Found a shimmering altar of Xom.
  8371 | D:9      | Found a shimmering altar of Xom.
  8371 | D:9      | Found a shimmering altar of Xom.
  8372 | D:9      | Found a shimmering altar of Xom.
  8382 | D:9      | Found a sacrificial altar of Ru.
  9318 | D:9      | Noticed a griffon
  9342 | D:9      | Noticed a death drake
  9346 | D:9      | Noticed an alligator
  9359 | D:9      | a death drake changed into a swamp worm
  9363 | D:9      | an alligator changed into a giant leech
  9389 | D:10     | Entered Level 10 of the Dungeon
  9435 | D:10     | Found a staircase to the Lair.
  9436 | D:10     | Noticed an elephant
  9460 | D:10     | Killed an elephant
  9598 | D:10     | Noticed Snorg
  9619 | D:10     | You fall through a shaft!
  9932 | D:11     | Noticed a hill giant
  9934 | D:11     | Noticed a hill giant
  9952 | D:11     | Killed a hill giant
  9956 | D:11     | Killed a hill giant
  9956 | D:11     | Reached skill level 14 in Axes
 10188 | D:11     | Noticed a manticore
 10204 | D:11     | Killed a manticore
 10718 | D:11     | Reached XP level 12. HP: 62/91 MP: 12/12
 10745 | D:11     | You fall through a shaft for 3 floors!
 11384 | D:14     | Noticed an unseen horror
 11406 | D:14     | Killed an unseen horror
 11474 | D:12     | Noticed Erolcha
 11474 | D:12     | Noticed Nergalle
 11490 | D:13     | Killed Erolcha
 11490 | D:13     | Reached skill level 15 in Axes
 11769 | D:13     | Killed Nergalle
 11769 | D:13     | Reached skill level 10 in Armour
 12006 | D:13     | Noticed a centaur warrior
 12016 | D:13     | Killed a centaur warrior
 12282 | D:12     | You fall through a shaft for 2 floors!
 12420 | D:14     | Noticed an enchanted long sword
 12434 | D:14     | Slain by an enchanted long sword

Vault maps used:
D:1:      onia_arrival_zoo_common
D:2:      serial_glass, glass_columns_a, glass_columns_a, glass_columns_b,
          glass_columns_c, glass_columns_b
D:3:      grunt_pakellas_salt, ecumenical_altar_2
D:4:      first_bread, st_stairs_3, nicolae_qazlal_style_of_elements
D:5:      kennysheep_little_box, basic_altar, uniq_grinder, uniq_edmund,
          uniq_sigmund
D:6:      fedhas_altar_4, uniq_menkaure, uniq_blork_the_orc
D:7:      nicolae_overflow_hidden_temple, minmay_temple_entry_butterflies,
          grunt_livestock, uniq_prince_ribbit1
D:8:      uniq_pikel
D:9:      nicolae_ru_path_of_blood, xom_shifter_show, serial_shops, shop_statue,
          kennysheep_opposing_triangles
D:10:     david_lair_generic, david_orc_1_choice, nicolae_trove_entry_crystal,
          uniq_psyche, uniq_snorg, uniq_sonja
D:11:     st_stairs_1
D:12:     uniq_erolcha, uniq_azrael, uniq_nergalle
D:13:     serial_corexii_hall, corexii_hall_statues_s,
          corexii_hall_statues_deadend, st_stairs_5
D:14:     hangedman_cross_stitches, erik_vaults_1, feat_on_display
Temple:   nicolae_temple_x_marks_the_god_16

Skill      XL: |  1  2  3  4  5  6  7  8  9 10 11 12 |
---------------+-------------------------------------+-----
Axes           | 3 4 5 7 8 12 14 15 | 15.2
Shields        | 4 5 6 7 8 9 |  9.0
Stealth        | 3 4 5 |  5.3
Fighting       | 7 |  7.3
Armour         | 7 8 10 | 10.4

Action                   |  1- 3 |  4- 6 |  7- 9 | 10-12 || total
-------------------------+-------+-------+-------+-------++-------
Melee: War axe           |   110 |   162 |   135 |   345 ||   752
       Battleaxe         |       |       |       |   291 ||   291
 Fire: Shortbow          |       |       |    18 |    13 ||    31
Throw: Stone             |     1 |     4 |       |       ||     5
Invok: Stomp             |       |       |       |     1 ||     1
       Line Pass         |       |       |       |     3 ||     3
 Abil: Dig               |       |       |     5 |     9 ||    14
       Shaft Self        |       |       |       |     3 ||     3
Evoke: Wand              |       |     1 |       |     5 ||     6
  Use: Scroll            |     5 |     1 |     4 |     4 ||    14
       Potion            |       |     1 |     2 |     5 ||     8
 Stab: Paralysed         |       |       |       |    22 ||    22
  Eat: Chunk             |       |     6 |     5 |    13 ||    24
       Meat ration       |       |       |     1 |     2 ||     3
       Pizza             |       |       |       |     4 ||     4
       Royal jelly       |       |       |       |     2 ||     2
Armor: Scale mail        |    67 |    59 |    27 |    47 ||   200
       Plate armour      |       |       |       |   170 ||   170
Dodge: Dodged            |    49 |    39 |    30 |   129 ||   247
Block: Shield            |    78 |   101 |    68 |   347 ||   594
